 Dungeon Crawl Stone Soup version 0.26-b1-59-ge38874ec40 (webtiles) character file.

Game seed: 3218135500994262325

32 oldmanjim the Caller (level 3, 0/28 HPs)
             Began as a Formicid Summoner on Jan 9, 2021.
             Succumbed to an adder's poison
             ... on level 2 of the Dungeon.
             The game lasted 00:11:41 (1565 turns).

oldmanjim the Caller (Formicid Summoner)            Turns: 1565, Time: 00:11:42

Health: 0/28       AC:  3    Str: 13    XL:     3   Next: 45%
Magic:  6/6        EV: 12    Int: 14    God:
Gold:   51         SH:  0    Dex: 11    Spells: 5/6 levels left

rFire    . . .     SeeInvis +   a - +0 dagger
rCold    . . .     Faith    .   (no shield)
rNeg     . . .     Spirit   .   d - +0 robe
rPois    .         Reflect  .   (helmet unavailable)
rElec    .         Harm     .   i - +0 cloak
rCorr    .         Rampage  .   (no gloves)
Will     .....                  (no boots)
Stlth    ++........             (no amulet)
HPRegen  0.09/turn              (no ring)
MPRegen  0.10/turn              (no ring)

@: lethally poisoned (0 -> -8)
A: permanent stasis, dig shafts and tunnels, four strong arms, antennae 3
a: Dig, Shaft Self


You were on level 2 of the Dungeon.
You visited 1 branch of the dungeon, and saw 2 of its levels.

You collected 51 gold pieces.

Inventory:

Hand Weapons
 a - a +0 dagger (weapon)
 b - a +0 hunting sling
Missiles
 j - 7 silver javelins
 k - 12 stones
 p - 18 sling bullets
Armour
 d - a +0 robe (worn)
 i - a +0 cloak (worn)
Jewellery
 l - a +6 ring of intelligence {unknown}
 n - an uncursed ring of protection from fire {unknown}
Scrolls
 c - a scroll of blinking {unknown}
 e - a scroll of enchant armour {unknown}
 f - 4 scrolls of identify {unknown}
 h - a scroll of amnesia {unknown}
Potions
 m - a potion of haste
 o - a potion of flight


   Skills:
 * Level 2.5 Fighting
 - Level 1.7 Dodging
 + Level 3.3 Stealth
 - Level 2.1 Spellcasting
 - Level 4.0 Summonings


You had 5 spell levels left.
You knew the following spells:

 Your Spells              Type           Power        Failure   Level
a - Summon Small Mammal   Summ           48%          4%          1

Your spell library contained the following spells:

 Spells                   Type           Power        Failure   Level
 Call Imp                 Summ           12%          7%          2
 Call Canine Familiar     Summ           12%          14%         3
 Summon Guardian Golem    Hex/Summ       7%           30%         3
 Summon Ice Beast         Ice/Summ       7%           71%         4
 Summon Lightning Spire   Summ/Air       7%           71%         4


Dungeon Overview and Level Annotations

Branches:
Dungeon (2/15)

Altars:


Innate Abilities, Weirdness & Mutations

You cannot be hasted, slowed, berserked, paralysed or teleported.
You can dig through walls and to a lower floor.
Your four strong arms can wield two-handed weapons with a shield.
You have a pair of large antennae on your head. (SInv)


Message History

The adder is almost dead.
* * * LOW HITPOINT WARNING * * *
You feel sick. The adder completely misses you.
You hit the adder.
You kill the adder!
* * * LOW HITPOINT WARNING * * *
You feel sick.
It was a potion of haste.
Your stasis prevents you from being hasted.
* * * LOW HITPOINT WARNING * * *
You feel sick.
It was a potion of flight.
You feel very buoyant.
You fly up into the air.
* * * LOW HITPOINT WARNING * * *
You feel sick.
It was a potion of cancellation.
Your magical effects are unravelling.
You feel magically purged.
You float gracefully downwards.
You die...

#.# #.# #.#
#####.####
##...#....##
##.....)....##
#........(...#
#...@...<....#
#.............#
##..........#.#
##...##.......
######.!.#.#..
#........
....#.#.#
.#......#


There were no monsters in sight!

Vanquished Creatures
  An adder (D:2)
  A giant cockroach (D:1)
  2 goblins (D:1)
  3 hobgoblins (D:1)
  4 jackals (D:1)
  A kobold (D:1)
  3 bats (D:1)
  2 frilled lizards (D:1)
  3 rats (D:1)
20 creatures vanquished.

Vanquished Creatures (collateral kills)
  A hobgoblin (D:1)
  A kobold (D:1)
  A goblin (D:1)
3 creatures vanquished.

Grand Total: 23 creatures vanquished

Notes
Turn   | Place    | Note
-------+----------+-------------------------------------------
     0 | D:1      | oldmanjim the Formicid Summoner began the quest for the
                  | Orb.
     0 | D:1      | Reached XP level 1. HP: 13/13 MP: 3/3
   404 | D:1      | Reached skill level 1 in Fighting
   624 | D:1      | Reached XP level 2. HP: 21/21 MP: 5/5
  1405 | D:1      | Reached XP level 3. HP: 27/27 MP: 6/6
  1564 | D:2      | HP: 1/28 [poisoned by an adder]
  1565 | D:2      | Succumbed to an adder's poison

Illustrated notes

Levels and vault maps discovered:
D:1:      lemuel_arrival_room, layout_rooms
D:2:      layout_rooms, lightli_temple_of_fire, serial_glass, glass_columns_a,
          glass_columns_a, minmay_strange_pillars, minmay_strange_pillars,
          feat_on_display

Skill      XL: |  1  2 |
---------------+-------+-----
Fighting       | 1 2 |  2.5
Stealth        | 3 |  3.3
Dodging        | |  1.7
Spellcasting   | |  2.1
Summonings     | |  4.0

Action                   || total
-------------------------++-------
Melee: Dagger            ||    89
       Unarmed           ||    14
 Fire: Hunting sling     ||    13
 Cast: Summon Small Mamm ||     2
  Use: Potion            ||     3
Armor: Robe              ||    18
Dodge: Dodged            ||    64
